 Dungeon Crawl Stone Soup version 0.20-a0-766-g52e1353 (webtiles) character file.

7620 Laan the Cleaver (level 11, -2/69 HPs)
             Began as a Gargoyle Fighter on Feb 26, 2017.
             Was a High Priest of Okawaru.
             Slain by a death yak (17 damage)
             ... on level 9 of the Dungeon.
             The game lasted 00:21:32 (8621 turns).

Laan the Cleaver (Gargoyle Fighter)                 Turns: 8621, Time: 00:21:32

Health: -2/69      AC: 30    Str: 23    XL:     11   Next: 18%
Magic:  13/13      EV:  9    Int:  9    God:    Okawaru [*****.]
Gold:   122        SH: 11    Dex: 12    Spells: 10/10 levels left

rFire    . . .     SeeInvis .   O - +4 hand axe
rCold    + . .     Gourm    .   u - +0 chain mail of the Evil One {rC+} (curse)
rNeg     + . .     Faith    .   c - +0 shield
rPois    ∞         Spirit   .   y - +2 helmet
rElec    +         Reflect  .   (no cloak)
rCorr    .         Harm     .   q - +2 pair of gloves {Dex+3}
MR       .....                  b - +0 pair of boots
Stlth    ..........             (no amulet)
Regen    0.3/turn               R - +2 ring of evasion
MPRegen  0.2/turn               m - +4 ring of protection

@: no status effects
A: negative energy resistance 1, electricity resistance, unbreathing,
petrification resistance, rot immunity, AC +7
a: Heroism, Finesse, Renounce Religion


You were on level 9 of the Dungeon.
You worshipped Okawaru.
Okawaru was extremely pleased with you.
You were hungry.

You visited 2 branches of the dungeon, and saw 11 of its levels.
You also visited: Ossuary.

You collected 676 gold pieces.
You spent 554 gold pieces at shops.

Inventory:

Hand Weapons
 a - a +0 war axe
 O - a +4 hand axe (weapon)
Armour
 b - a +0 pair of boots (worn)
 c - a +0 shield (worn)
 q - a +2 pair of gloves of dexterity (worn)
 u - the cursed +0 chain mail of the Evil One (worn) {rC+}
   (You bought it in a shop on level 9 of the Dungeon)

   It protects you from cold.
   It has a curse placed upon it.
 y - a +2 helmet (worn)
 E - a +0 plate armour
Jewellery
 m - a +4 ring of protection (left hand)
 R - a +2 ring of evasion (right hand)
Wands
 x - a wand of digging (13/24)
 B - a wand of flame (29/48)
 G - a wand of iceblast (4/15)
 I - a wand of disintegration (8/24)
 J - a wand of flame (17/48)
Scrolls
 h - 3 scrolls of recharging
 i - 2 scrolls of fear
 j - a scroll of fog
 l - 3 scrolls of magic mapping
 n - 5 scrolls of remove curse
 o - 2 scrolls of immolation
 r - a scroll of amnesia
 t - 6 scrolls of teleportation
 w - a scroll of blinking
 A - a scroll of enchant armour
 C - a scroll of identify
Potions
 d - 2 potions of might
 e - a potion of heal wounds
 k - 2 potions of curing
 p - 3 potions of berserk rage
 z - 2 potions of haste
 F - a potion of flight
 H - a potion of magic
 N - a potion of lignification
Comestibles
 f - 4 fruits
 g - 9 meat rations
 v - 2 bread rations
 D - 3 royal jellies


   Skills:
 + Level 8.6 Fighting
 * Level 10.0 Axes
 + Level 9.0 Armour
 + Level 8.9 Shields
 + Level 2.9 Invocations


You had 10 spell levels left.
You didn't know any spells.

Dungeon Overview and Level Annotations

Branches:
Dungeon (10/15)            Temple (1/1) D:4            Lair (0/6) D:10
    Orc: D:9-12

Altars:
Ashenzari
Cheibriados
Dithmenos
Elyvilon
Fedhas
Gozag
Hepliaklqana
Kikubaaqudgha
Makhleb
Nemelex Xobeh
Okawaru
Qazlal
Ru
Sif Muna
Trog
Uskayaw
Vehumet
Wu Jian
Xom
Yredelemnul
Zin
The Shining One

Shops:
D:9 [[*


Innate Abilities, Weirdness & Mutations

You are resistant to torment.
Your stone body is resilient. (AC +7)
You are immune to poison.
You resist negative energy. (rN+)
You are resistant to electric shocks. (rElec)
You can survive without breathing.
You are immune to petrification.
You are immune to rotting.


Message History

You hit the death yak but do no damage.
The death yak is almost dead.
The death yak gores you but does no damage.
You hit the death yak but do no damage.
The death yak is almost dead.
The death yak gores you.
* * * LOW HITPOINT WARNING * * *
You hit the death yak but do no damage.
The death yak is severely wounded.
The death yak gores you but does no damage.
You hit the death yak.
The death yak is almost dead.
The death yak gores you.
* * * LOW HITPOINT WARNING * * *
You feel much better. The death yak gores you!
* * * LOW HITPOINT WARNING * * *
Your shield and chain mail of the Evil One prevent you from hitting the death yak.
The death yak is almost dead.
The death yak gores you!
You die...

.............................#
###########..................#
#..................#
#...........)[)....#
#...........[......#
###########...........[......#
.............................#
###############.Y............#
#.@.##########.# ###
################## ##.#
##.####.P..#≈.P##.P...P## #..#
#.#..#.#...##......P..P.###..#
.P#.#..#.P#.#≈..P.≈P...P.##..#
#..P#P....#.##.P.≈≈≈.....P#..#
#.......P≈P..#≈≈≈≈≈≈≈≈≈(..#..#
.P≈≈≈.P≈≈≈≈..##≈≈≈≈#≈≈#≈.P#..#
P≈≈≈≈≈≈≈≈≈≈≈P.#≈≈≈≈#≈≈#≈≈.#..#


You could see a death yak.

Vanquished Creatures
  Erolcha (D:9)
  An ugly thing (D:9)
  Joseph (D:9)
  Psyche (D:9)
  2 hippogriffs
  13 yaks (D:9)
  A hungry ghost (D:9)
  An orc warrior (D:9)
  A hornet zombie (D:7)
  3 ice beasts
  A phantom (D:5)
  5 sky beasts
  A necrophage (D:5)
  The ghost of Execuda the Skirmisher, an amateur DrFi of Okawaru (D:3)
  A crocodile (D:9)
  A centaur (D:9)
  6 bullfrogs
  2 elf zombies (Ossuary)
  A wyvern skeleton (D:8)
  2 scorpions
  5 electric eels (D:9)
  A howler monkey (D:7)
  3 crimson imps
  2 hounds
  A human zombie (Ossuary)
  A gnoll shaman (D:6)
  An orc priest (D:8)
  A jelly (D:9)
  2 bullfrog skeletons
  2 iguanas
  6 orc wizards
  Ijyb (D:2)
  Terence (D:3)
  10 worker ants
  2 killer bee zombies
  2 big kobold zombies (Ossuary)
  2 hound zombies (D:8)
  A hound skeleton (D:6)
  2 mummies (Ossuary)
  9 gnolls
  7 adders
  2 shadow imps (D:5)
  2 oozes
  An adder skeleton (D:8)
  2 adder zombies
  2 worms
  5 leopard geckos
  31 orcs
  4 bats
  4 giant cockroaches
  8 goblins
  7 hobgoblins
  10 jackals
  3 quokkas
  3 ball pythons
  2 frilled lizards
  2 gnoll zombies (Ossuary)
  2 goblin zombies (Ossuary)
  3 hobgoblin zombies (Ossuary)
  4 kobolds
  2 orc zombies (Ossuary)
  A quokka zombie (D:7)
  4 rats
212 creatures vanquished.

Notes
Turn   | Place    | Note
-------+----------+-------------------------------------------
     0 | D:1      | Laan the Gargoyle Fighter began the quest for the Orb.
     0 | D:1      | Reached XP level 1. HP: 14/14 MP: 1/1
   105 | D:1      | You fall through a shaft!
   121 | D:2      | Reached skill level 2 in Axes
   198 | D:1      | Reached XP level 2. HP: 19/19 MP: 2/2
   611 | D:1      | Reached XP level 3. HP: 17/23 MP: 3/3
  1136 | D:2      | Noticed Ijyb
  1157 | D:2      | Killed Ijyb
  1157 | D:2      | Reached XP level 4. HP: 25/29 MP: 4/4
  1311 | D:2      | You fall through a shaft for 2 floors!
  1461 | D:4      | Found a sand-covered staircase.
  1472 | Ossuary  | Entered an ossuary
  1489 | Ossuary  | Reached XP level 5. HP: 30/33 MP: 5/5
  1511 | Ossuary  | Reached skill level 3 in Axes
  1647 | Ossuary  | Reached XP level 6. HP: 25/39 MP: 6/6
  2257 | D:3      | Found a shadowy altar of Dithmenos.
  2278 | D:3      | Noticed Execuda's ghost (amateur DrFi)
  2297 | D:3      | Killed Execuda's ghost
  2297 | D:3      | Reached skill level 4 in Axes
  2297 | D:3      | Reached skill level 5 in Armour
  2297 | D:3      | Reached XP level 7. HP: 13/44 MP: 7/7
  2689 | D:3      | Noticed Terence
  2706 | D:3      | Killed Terence
  3493 | D:4      | Found a staircase to the Ecumenical Temple.
  3504 | Temple   | Entered the Ecumenical Temple
  3600 | Temple   | Became a worshipper of Warmaster Okawaru
  3853 | D:4      | Reached skill level 5 in Shields
  4165 | D:5      | Entered Level 5 of the Dungeon
  4197 | D:5      | Found a snail-covered altar of Cheibriados.
  4199 | D:5      | Found a hazy altar of Hepliaklqana.
  4200 | D:5      | Found a deep blue altar of Sif Muna.
  4213 | D:5      | Found a burning altar of Makhleb.
  4214 | D:5      | Found a bloodstained altar of Trog.
  4250 | D:5      | Reached skill level 5 in Fighting
  4303 | D:5      | Reached skill level 5 in Axes
  4361 | D:5      | Reached * piety under Okawaru
  4361 | D:5      | Reached XP level 8. HP: 40/49 MP: 8/8
  5120 | D:6      | Reached skill level 6 in Axes
  5173 | D:6      | Reached ** piety under Okawaru
  5405 | D:6      | Noticed a hippogriff
  5419 | D:6      | Killed a hippogriff
  5471 | D:7      | Reached XP level 9. HP: 46/55 MP: 9/9
  5490 | D:7      | Reached skill level 1 in Invocations
  5869 | D:7      | Reached skill level 7 in Axes
  6158 | D:7      | Found a sacrificial altar of Ru.
  6364 | D:7      | Reached *** piety under Okawaru
  7292 | D:9      | Found Petyh's Assorted Antiques.
  7352 | D:9      | Reached skill level 8 in Axes
  7362 | D:9      | Reached **** piety under Okawaru
  7362 | D:9      | Reached XP level 10. HP: 52/63 MP: 12/12
  7398 | D:9      | Noticed a red ugly thing
  7399 | D:9      | Found Jila's Armour Shoppe.
  7420 | D:9      | HP: 2/63 [red ugly thing (17)]
  7431 | D:9      | Killed a red ugly thing
  7583 | D:9      | Bought a +2 pair of gloves of dexterity for 279 gold pieces
  7627 | D:9      | Reached ***** piety under Okawaru
  7669 | D:9      | Noticed Psyche
  7686 | D:9      | Killed Psyche
  7686 | D:9      | Reached skill level 9 in Axes
  7699 | D:9      | Found Heig's Antique Armour Shop.
  7730 | D:9      | Bought an ichor-stained chain mail for 275 gold pieces
  7740 | D:9      | Identified the cursed +0 chain mail of the Evil One {rC+} (You bought it in a shop on level 9 of the Dungeon)
  7874 | D:9      | Noticed Joseph
  7899 | D:9      | Killed Joseph
  8119 | D:9      | Noticed Erolcha
  8127 | D:9      | Killed Erolcha
  8127 | D:9      | Received a gift from Okawaru
  8127 | D:9      | Reached XP level 11. HP: 64/69 MP: 13/13
  8284 | D:9      | Reached skill level 10 in Axes
  8565 | D:10     | Entered Level 10 of the Dungeon
  8565 | D:10     | Found a staircase to the Lair.
  8565 | D:10     | Noticed a death yak
  8565 | D:10     | Noticed a death yak
  8570 | D:10     | Noticed a death yak
  8613 | D:9      | HP: 3/69 [death yak (14)]
  8621 | D:9      | Slain by a death yak

Vault maps used:
D:1:      eino_arrival_cavern_a
D:2:      minmay_hexomino_p4, uniq_iyjb
D:3:      grunt_dithmenos_smoke_and_mirrors, uniq_terence
D:4:      minmay_temple_entry_grid, enter_ossuary_1, nicolae_underground_beach
D:5:      grunt_temple_overflow_open, first_bread
D:6:      corexii_shack
D:7:      nicolae_ru_awakened_eye
D:9:      wad_lake_hut, serial_shops, kennysheep_little_box,
          nicolae_shop_crystal, shop, st_stairs_7, uniq_erolcha, uniq_joseph,
          uniq_psyche
D:10:     dpeg_lair_monsters, david_orc_3, serial_glass, glass_columns_a,
          glass_columns_a, hangedman_ranch, uniq_urug
Temple:   minmay_temple_bridge_d
Ossuary:  minmay_ossuary_gauntlet

Skill      XL: |  1  2  3  4  5  6  7  8  9 10 11 |
---------------+----------------------------------+-----
Axes           | 2 3 4 5 6 8 9 10 | 10.0
Armour         | 4 5 6 7 8 9 |  9.0
Shields        | 4 5 6 7 8 |  8.9
Fighting       | 4 5 6 7 8 |  8.6
Invocations    | 2 |  2.9

Action                   |  1- 3 |  4- 6 |  7- 9 | 10-12 || total
-------------------------+-------+-------+-------+-------++-------
Melee: War axe           |   130 |   201 |   376 |       ||   707
       Hand axe          |       |       |   197 |   264 ||   461
Evoke: Wand              |       |       |       |     4 ||     4
  Use: Scroll            |       |       |    21 |       ||    21
       Potion            |       |       |       |     8 ||     8
  Eat: Chunk             |     1 |     4 |    13 |     5 ||    23
       Bread ration      |       |       |     1 |       ||     1
Armor: Scale mail        |    74 |    94 |    65 |       ||   233
       Plate armour      |       |       |   313 |    63 ||   376
       Chain mail        |       |       |       |    78 ||    78
Dodge: Dodged            |    36 |    55 |   101 |    52 ||   244
Block: Shield            |    67 |    74 |   299 |   117 ||   557
